[Event "GCT Superbet Romania 2022"]
[Site "Bucharest"]
[Date "2022.05.11"]
[Round "6.2"]
[White "Vachier-Lagrave, Maxime"]
[Black "Aronian, Levon"]
[Result "0-1"]
[ECO "D39"]
[WhiteElo "2750"]
[BlackElo "2765"]
[Annotator "TA"]
[PlyCount "50"]
[EventDate "2022.05.05"]
[EventType "tourn"]
[EventCountry "ROU"]
[SourceTitle "playchess.com"]
[Source "ChessBase"]
[SourceQuality "1"]
[TimeControl "40/5400+30:1800+30"]

1. d4 Nf6 2. c4 e6 3. Nc3 Bb4 4. Nf3 d5 5. Bg5 dxc4 6. e4 c5 7. Bxc4 cxd4 8. Nxd4 Bxc3+ 9. bxc3 Qa5 10. Bb5+ Nbd7 11. Bxf6 {[%emt 0:00:00] This bishop pair is nice. D39: Queen's Gambit Declined: Ragozin Defence with 5 Bg5 dxc4.} Qxc3+ 12. Ke2 Qb2+ ({Don't do} 12... gxf6 13. Rc1 Qb4 14. Qa4 Qxa4 15. Bxa4 $11) 13. Qd2 {[%emt 0:00:00] The position is equal.} Qxd2+ 14. Kxd2 gxf6 15. Rac1 O-O {[%emt 0:11:59] [#]} 16. Rc7 $146 ({Predecessor:} 16. Rhd1 Nb6 17. Nb3 f5 18. exf5 exf5 19. Nc5 Be6 20. Nxb7 Bxa2 21. Ke1 a5 22. Rc6 {0-1 (57) Wimmer,R (2111)-Kunzmann,H (2202) ICCF email 2018}) 16... Rd8 17. Ke3 Nb6 ({Reject} 17... Ne5 18. Be2 $11) 18. Nb3 f5 19. Bd3 Rb8 {[%emt 0:07:12] aiming for ...fxe4.} 20. f4 {[%emt 0:00:00] [#]} (20. f3 $1 $11) 20... e5 $1 $17 21. fxe5 f4+ $1 22. Kd2 Be6 23. Kc3 Rbc8 24. Rxc8 Rxc8+ 25. Kd4 $2 {[%emt 0:00:00][%mdl 8192] [#]} (25. Kd2 $17) 25... Na4 $1 {[%emt 0:00:45] Black took control after the opening.  Weighted Error Value: White=0.69/Black=0.02 (flawless)} 0-1

[Event "GCT Superbet Romania 2022"]
[Site "Bucharest"]
[Date "2022.05.11"]
[Round "6.3"]
[White "Dominguez Perez, Leinier"]
[Black "Deac, Bogdan-Daniel"]
[Result "1-0"]
[ECO "B90"]
[WhiteElo "2753"]
[BlackElo "2671"]
[Annotator "TA"]
[PlyCount "133"]
[EventDate "2022.05.05"]
[EventType "tourn"]
[EventCountry "ROU"]
[SourceTitle "playchess.com"]
[Source "ChessBase"]
[SourceQuality "1"]
[TimeControl "40/5400+30:1800+30"]

1. e4 c5 2. Nf3 d6 3. d4 cxd4 4. Nxd4 Nf6 5. Nc3 a6 6. Be3 e5 7. Nb3 Be6 8. f3 h5 9. Nd5 {[%emt 0:00:35] B90: Sicilian Najdorf: Unusual White 6th moves, 6 Be3 Ng4 and 6 Be3 e5.} Bxd5 10. exd5 Nbd7 11. Qd2 {[%emt 0:00:07] White has an edge.} g6 12. O-O-O Nb6 13. Kb1 Nbxd5 14. Bg5 {[%emt 0:00:09] aiming for Qxd5.} Be7 $1 15. a3 $5 {[%emt 0:01:42][%mdl 4] White has compensation. 15.Bd3 gains popularity. Exploring less charted territory.} Qc7 {[%emt 0:06:24] [#]} 16. g3 $146 (16. c4 $5 Nb6 17. Bxf6 Bxf6 18. Qxd6 Qxd6 19. Rxd6 $11) ({Predecessor:} 16. c4 Nb6 17. Bxf6 Bxf6 18. Qxd6 Qxd6 19. Rxd6 Na4 20. Rd5 {½-½ (20) Jose Queralto,D (2412)-Thomas,T (2301) ICCF email 2021}) 16... Rd8 17. Bd3 Nb6 18. Rhe1 d5 19. Qe2 Nbd7 (19... Nfd7 $5 20. Bxe7 Kxe7 $15) 20. c4 O-O 21. cxd5 Nxd5 22. Bh6 Rfe8 23. Rc1 ({White should play} 23. Qc2 $11) 23... Qd6 $15 24. h4 {[%emt 0:01:24] Against g5} b5 25. Nd2 (25. Bc2 $15) 25... Nc5 $17 26. Ne4 Nxe4 (26... Qb6 $17 {[%cal Od5f4] White must now prevent ...Nf4!} 27. Nxc5 Bxc5) 27. Bxe4 $15 Qe6 28. Bc2 {[%emt 0:03:15] [#]} Bxa3 $1 29. Bb3 $1 Bf8 30. Bg5 {[%emt 0:00:33] Threatens to win with Red1. This bishop pair is nice.} Rd6 (30... Be7 $5 ) 31. Red1 {[%emt 0:01:27] Hoping for Qe4.} Qf5+ 32. Qe4 Nb6 33. Rxd6 Bxd6 34. Rc6 Nc8 35. Rxa6 Kg7 36. Rc6 $40 {[%emt 0:01:02][%mdl 128] White attacks.} Qd7 (36... f6 $11 37. Bd2 Bb8) 37. Qd5 (37. g4 $14) 37... e4 38. Be3 exf3 39. Bd4+ f6 40. Qxf3 Rf8 41. Qd5 Qe7 42. Qe6 Qd8 $2 {[%emt 0:01:11][%mdl 8192] [#]} (42... Bxg3 $14 43. Bc5 (43. Rxc8 Qxe6 44. Bxe6 Rxc8 $14) 43... Qxe6 44. Bxe6 (44. Bxf8+ Kxf8 45. Bxe6 Nd6 $15) 44... Re8) 43. Rxc8 $1 $18 {[%emt 0:06:16][%mdl 576] Deflection} Qxc8 44. Qxd6 Qd8 {[%emt 0:00:28] [#] Inhibits Qe7+.} (44... Qf5+ $142 45. Kc1 (45. Bc2 Qf1+ 46. Ka2 Ra8+ 47. Ba7 Rxa7+ $19) 45... Qc8+ 46. Bc2 Qd8) 45. Qe6 $1 Kh7 46. Bd5 Qe8 47. Qb6 Qd7 48. Be6 Qd8 49. Qa7+ Kh8 50. Ka2 Qd6 51. Bb3 (51. Qd7 $1 $18 {[%cal Rd7d6] is the precise move to win.} Qxd7 52. Bxd7) 51... Qc6 $16 52. Bc3 $1 Qf3 $2 (52... Re8 $16) 53. Be6 $2 (53. Ka3 $18) 53... b4 $2 (53... Re8 $11 54. Bb3 b4) 54. Bd4 $18 ({Don't go for} 54. Bxb4 $2 Ra8 55. Qxa8+ Qxa8+ $19) 54... Rd8 {[%emt 0:01:13] [#]} 55. Bc4 $1 Rf8 56. Be6 $2 (56. b3 $18 {Qe7 is the strong threat.} Rd8 {[#]} 57. Bd3 $1) 56... Rd8 $11 57. Bc4 $2 (57. Qe7 $11 Ra8+ 58. Ba7) 57... Rf8 $1 $18 58. Qe7 {[%emt 0:00:36] Prevents Re8. Dancing on a razor blade.} Ra8+ 59. Ba7 Qc6 $2 (59... Qd1 $16) 60. Kb3 {[%emt 0:00:13] White is clearly winning.} Rc8 61. Qe6 {[%emt 0:00:45] Active counter play!} Qxe6 62. Bxe6 Rd8 63. Kxb4 Rd3 64. Bb8 (64. Kc4 $142 Rd1 65. Bd4) 64... Kg7 65. Kc4 (65. Kc5 $142 g5 66. b4) 65... Re3 66. Bd5 Re8 67. Bf4 {[%emt 0:01:02] Weighted Error Value: White=0.19 (very precise) /Black=0.36} 1-0

[Event "GCT Superbet Romania 2022"]
[Site "Bucharest"]
[Date "2022.05.11"]
[Round "6.4"]
[White "Caruana, Fabiano"]
[Black "Nepomniachtchi, Ian"]
[Result "1/2-1/2"]
[ECO "C42"]
[WhiteElo "2786"]
[BlackElo "2773"]
[Annotator "TA"]
[PlyCount "79"]
[EventDate "2022.05.05"]
[EventType "tourn"]
[EventCountry "ROU"]
[SourceTitle "playchess.com"]
[Source "ChessBase"]
[SourceQuality "1"]
[TimeControl "40/5400+30:1800+30"]

1. e4 e5 2. Nf3 Nf6 3. Nxe5 d6 4. Nf3 Nxe4 5. d4 d5 6. Bd3 Nc6 7. O-O Be7 8. Nbd2 $1 {[%emt 0:01:09][%cal Bb1d2,Bd2b3,Bb3c5][%mdl 4] is more profitable than 8.c4 at the moment.} Bf5 {[%emt 0:01:58] C42: Petroff Defence: 3 Nxe5 and unusual White 3rd moves.} 9. Qe2 Nd6 10. Bxf5 Nxf5 11. Qd3 Qd7 12. Nb3 O-O {[%emt 0:00:44] [#]} 13. Nc5 $146 ({Predecessor:} 13. Bf4 Rfe8 14. Rfe1 g6 15. c3 b6 16. Nbd2 f6 17. Re2 Nd8 18. Rae1 Nf7 19. h3 {½-½ (42) Silva Sanchez,C (2385)-Solomon,S (2250) Thessaloniki 1984}) 13... Qc8 14. Bf4 {[%emt 0:14:30][%cal Bc1f4,Bf4g5,Bg5d2][%mdl 32] [#]} Nfxd4 $1 15. Nxd4 Bxc5 16. Nb3 Bb6 17. Qxd5 Qg4 18. Qg5 Qxg5 (18... Qe2 {with more complications.} 19. Bd2 Qe4 20. Bc3 f6) 19. Bxg5 Rfe8 20. Rfe1 {[%emt 0:07:05] Inhibits Re2.} Nb4 21. Rxe8+ Rxe8 22. Bd2 $1 Nxc2 23. Rc1 {[%emt 0:00:07] The position is equal.} Re2 24. Rxc2 {[%emt 0:00:12] And now a4 would win.} Rxf2 25. Nc5 Bxc5 26. Rxc5 Rxd2 27. Rxc7 $11 {[%emt 0:00:04][%mdl 4096] [#] Endgame Intending Rc8+ and mate. KR-KR} h5 28. Rxb7 h4 29. a4 a5 30. Rb5 f6 31. h3 Kf7 32. b3 Rb2 33. Rxa5 {[%emt 0:01:02] Black must now prevent Rb5.} Rxb3 34. Rb5 Ra3 35. Rb4 g5 36. Kf2 Kg6 37. Rc4 Kf5 38. Rb4 Kg6 39. Rc4 Kf5 40. Rb4 {[%emt 0:00:00] Weighted Error Value: White=0.08 (flawless) /Black=0.03 (flawless)} 1/2-1/2

[Event "GCT Superbet Romania 2022"]
[Site "Bucharest"]
[Date "2022.05.11"]
[Round "6.5"]
[White "Mamedyarov, Shakhriyar"]
[Black "Firouzja, Alireza"]
[Result "1/2-1/2"]
[ECO "E39"]
[WhiteElo "2770"]
[BlackElo "2804"]
[Annotator "TA"]
[PlyCount "191"]
[EventDate "2022.05.05"]
[EventType "tourn"]
[EventCountry "ROU"]
[SourceTitle "playchess.com"]
[Source "ChessBase"]
[SourceQuality "1"]
[TimeControl "40/5400+30:1800+30"]

1. d4 Nf6 2. c4 e6 3. Nc3 Bb4 4. Qc2 c5 5. dxc5 O-O 6. Nf3 Na6 7. g3 Nxc5 8. Bg2 Nce4 9. O-O Bxc3 10. bxc3 Qc7 11. Nd4 d5 12. cxd5 exd5 13. Bf4 Qc5 14. Rac1 Bd7 15. Nb3 Qe7 16. c4 Rac8 17. Qd3 dxc4 18. Rxc4 Rxc4 19. Qxc4 Rc8 20. Qd3 Nc3 21. Nd4 Qb4 22. Bf3 Bh3 23. Ra1 h6 24. Nf5 Bxf5 25. Qxf5 Re8 (25... Qc4 $11) 26. Be3 (26. Qd3 $14 Nce4 27. Rc1) 26... Qb2 $11 27. Re1 Qxa2 28. Qc5 Nfe4 $1 29. Qxa7 Qxa7 30. Bxa7 b5 31. Bd4 Rd8 32. e3 b4 33. Rc1 Nd2 34. Bxc3 bxc3 35. Bg4 Ne4 36. Bf5 Nd6 37. Bh3 Ne4 38. Bf5 Nd6 39. Bd3 Rc8 40. Kf1 f5 41. Ke2 Kf7 42. Kd1 Kf6 43. Ra1 Ne4 44. f3 (44. Bxe4 $5 fxe4 45. Kc2 $14) 44... Nf2+ 45. Kc2 Nxd3 46. Kxd3 Ke5 47. Kc2 Rc7 48. Ra3 Rb7 49. Rxc3 Ra7 50. Rc6 Ra2+ 51. Kd3 Ra3+ 52. Ke2 Ra2+ 53. Kf1 Rxh2 54. Rg6 h5 55. Rxg7 Kf6 56. Rg8 Kf7 57. Rh8 Kg7 58. Kg1 $1 Re2 59. Re8 Kf7 60. Re5 Kf6 61. f4 Kg6 62. Re8 Kg7 63. Re6 Ra2 64. Re7+ Kg6 65. Re6+ Kg7 66. e4 fxe4 67. Rxe4 Kf6 68. Re5 Kg6 69. Rg5+ Kh6 $1 70. Kf1 Rb2 71. Re5 Kg6 72. Re2 Rb4 73. Rh2 Rb3 {[%emt 0:00:58] [#]} (73... Rb1+ $1 $11 {keeps the balance.} 74. Kg2 Rb2+ 75. Kh3 Rb1) 74. Kg2 $1 $16 Rb2+ 75. Kh3 Rb1 76. Ra2 Rh1+ 77. Kg2 Rb1 78. Ra6+ Kg7 79. Ra3 Kg6 80. Kf3 Rf1+ 81. Kg2 Rb1 82. Ra6+ Kg7 $1 83. Re6 Ra1 84. Kf2 Rb1 85. Re1 Rb2+ 86. Kf3 Kf6 87. Re5 Kg6 88. Re6+ Kg7 89. f5 (89. Re2 $16 Rb3+ 90. Kg2 (90. Re3 Rb2 $16)) 89... Rb4 $11 90. Re4 Rb6 $2 {[%emt 0:00:35] [#]} (90... Rb8 $1 $11 {and Black has nothing to worry.}) 91. Rh4 $2 (91. Kf4 $1 $18) 91... Kh6 $11 92. Kf4 Rb4+ 93. Ke5 Rb5+ 94. Kf4 Rb4+ 95. Ke5 Rb5+ 96. Kf4 1/2-1/2

[Event "GCT Superbet Romania 2022"]
[Site "Bucharest"]
[Date "2022.05.12"]
[Round "7.1"]
[White "Deac, Bogdan-Daniel"]
[Black "So, Wesley"]
[Result "1/2-1/2"]
[ECO "D27"]
[WhiteElo "2671"]
[BlackElo "2766"]
[Annotator "TA"]
[PlyCount "49"]
[EventDate "2022.05.05"]
[EventType "tourn"]
[EventCountry "ROU"]
[SourceTitle "playchess.com"]
[Source "ChessBase"]
[SourceQuality "1"]
[TimeControl "40/5400+30:1800+30"]

1. d4 d5 2. Nf3 Nf6 3. c4 dxc4 4. e3 e6 5. Bxc4 a6 6. O-O c5 7. b3 cxd4 8. Nxd4 Be7 9. Bb2 O-O {[%emt 0:00:07] D27: Queen's Gambit Accepted: Classical main line: 7 e4!? and 7 a4.} 10. Be2 b5 11. a4 bxa4 {[%emt 0:01:34] White is slightly better.} 12. Rxa4 Bb7 13. Bf3 Bxf3 14. Qxf3 {[%emt 0:01:47] [#]} Ra7 $146 ({Predecessor:} 14... Qd5 15. Nd2 Nbd7 16. Rfa1 Qxf3 17. gxf3 Nc5 18. Nc6 Rfe8 19. Nxe7+ Rxe7 20. Ra5 Rc7 {1-0 (53) Pacan Milej,K (2401)-Malek,J (2149) Pokrzywna 2021}) 15. Rc1 Rc7 {[%emt 0:09:35] The position is equal.} 16. Rac4 Rxc4 17. Rxc4 Qd7 18. h3 Rc8 19. Nd2 Rxc4 20. Nxc4 Qd5 {[%emt 0:00:02] Against Qa8} 21. Qg3 Qb7 ({Resist} 21... Nbd7 22. Qc7 $14) 22. Na5 Qb6 23. Nc4 Qb7 24. Na5 Qb6 25. Nc4 {[%emt 0:00:26] Weighted Error Value: White=0.06 (flawless) /Black=0.02 (flawless)} 1/2-1/2

[Event "GCT Superbet Romania 2022"]
[Site "Bucharest"]
[Date "2022.05.12"]
[Round "7.2"]
[White "Aronian, Levon"]
[Black "Caruana, Fabiano"]
[Result "1/2-1/2"]
[ECO "C24"]
[WhiteElo "2765"]
[BlackElo "2786"]
[Annotator "TA"]
[PlyCount "51"]
[EventDate "2022.05.05"]
[EventType "tourn"]
[EventCountry "ROU"]
[SourceTitle "playchess.com"]
[Source "ChessBase"]
[SourceQuality "1"]
[TimeControl "40/5400+30:1800+30"]

1. e4 e5 2. Bc4 Nf6 3. d3 c6 4. Nf3 d5 5. Bb3 Bb4+ 6. Bd2 Bxd2+ 7. Nbxd2 a5 {[%emt 0:03:38] [#] And now ...a4 would win. C24: Bishop's Opening: 2...Nf6.} 8. c3 ({Avoid the trap} 8. Nxe5 $2 a4 9. Bxd5 cxd5 $19) (8. a3 Nbd7 9. O-O a4 10. Ba2 O-O 11. Re1 Re8 12. d4 exd4 13. exd5 Rxe1+ 14. Qxe1 cxd5 15. Rb1 Qb6 {0-1 (64) Aronian,L (2764)-Caruana,F (2816) Paris 2018}) 8... Nbd7 9. O-O {[%emt 0:05:14] [#]} dxe4 $146 ({Predecessor:} 9... O-O 10. Re1 Re8 11. exd5 cxd5 12. Nf1 Qc7 13. Ne3 Nb6 14. a3 Ng4 15. Nf1 Nh6 {½-½ (40) Kribben,M (2660)-Hamarat,T (2551) ICCF email 2016}) 10. Ng5 (10. dxe4 $5 O-O 11. Nc4 $11) 10... O-O 11. Ngxe4 Nxe4 12. Nxe4 Nf6 13. Ng3 Re8 14. Re1 Qd6 15. h3 Be6 16. Ne4 Nxe4 17. dxe4 Rad8 18. Qxd6 Rxd6 19. Rad1 {[%emt 0:00:22] Against Rd2} Red8 20. Rxd6 Rxd6 21. Bxe6 fxe6 $11 {[%emt 0:00:04] KR-KR} 22. Kf1 Rd2 23. Re2 Rd1+ 24. Re1 Rd2 25. Re2 Rd1+ 26. Re1 {[%emt 0:00:04] An uneventful encounter.  Weighted Error Value: White=0.05 (flawless) /Black=0.02 (flawless)} 1/2-1/2

[Event "GCT Superbet Romania 2022"]
[Site "Bucharest"]
[Date "2022.05.12"]
[Round "7.3"]
[White "Firouzja, Alireza"]
[Black "Dominguez Perez, Leinier"]
[Result "1-0"]
[ECO "E48"]
[WhiteElo "2804"]
[BlackElo "2753"]
[Annotator "TA"]
[PlyCount "115"]
[EventDate "2022.05.05"]
[EventType "tourn"]
[EventCountry "ROU"]
[SourceTitle "playchess.com"]
[Source "ChessBase"]
[SourceQuality "1"]
[TimeControl "40/5400+30:1800+30"]

1. d4 Nf6 2. c4 e6 3. Nc3 Bb4 4. e3 O-O 5. Bd3 d5 6. cxd5 exd5 7. a3 {[%emt 0:00:19] E48: Nimzo-Indian: Rubinstein: 5 Bd3 d5 including 6 Ne2, but excluding 6 a3.} Bd6 8. Qc2 c6 9. Nge2 {[%emt 0:00:32] The position is equal.} Re8 10. Bd2 b6 {[%emt 0:00:11] [#]} 11. f3 $146 ({Predecessor:} 11. O-O Ba6 12. Kh1 c5 13. Rad1 g6 14. Qb1 Bb7 15. Nf4 Nbd7 16. f3 Nf8 17. b4 cxd4 18. exd4 Bxf4 19. Bxf4 {1-0 (64) Aronian,L (2772)-Vidit,S (2727) Berlin 2022}) 11... c5 12. g4 c4 13. Bf5 Bxf5 $1 14. Qxf5 {[%emt 0:00:16] And now g5 would win.} g6 15. Qg5 Nc6 16. O-O (16. Nxd5 $2 Nxd5 17. Qxd8 Raxd8 $19) 16... Bf8 17. Qh4 h6 18. Rad1 b5 19. Qf2 (19. Nxb5 Rb8 20. a4 a6 $17) 19... Qd7 20. Qg2 (20. Nxb5 Rab8 21. Nbc3 Rxb2 $17) 20... Bg7 21. h4 Ne7 22. Nf4 a5 23. Nce2 Qb7 24. g5 hxg5 25. hxg5 Nd7 26. Kf2 $1 b4 27. Rh1 $1 Nf5 28. Qh3 Ne7 $1 29. Ng3 Ra6 30. axb4 axb4 31. Bxb4 $40 {[%emt 0:00:27][%mdl 128] Black needs to defend precisely.} Qxb4 32. Qxd7 Raa8 33. Nfe2 (33. Nxd5 Nxd5 34. Qxd5 Qxb2+ 35. Ne2 Qb3 $17) (33. Qh3 Qxb2+ 34. Nfe2 Nc6 $19) 33... Rad8 34. Qg4 (34. Qc7 $11) 34... Qxb2 (34... Rd6 $1 $15) 35. Qf4 $11 Nc6 $2 {[%emt 0:01:25] [#]} (35... Ra8 $11) 36. Rh7 $3 $18 {[%emt 0:00:36][%cal Oh7g7][%mdl 512] Threatening mate with Rxg7+!} Re6 {[%emt 0:02:14] Strongly threatening ...Nb4.} (36... Kxh7 37. Qxf7) 37. Qh4 $1 {[%emt 0:00:20] Dancing on a razor blade.} (37. Rdh1 $6 Nxd4 38. Rxg7+ (38. exd4 Rde8 $16) 38... Kxg7 $14) 37... Nxd4 {[%emt 0:00:29] [#]} (37... Qb3 $2 {[#]} 38. Rxg7+ $1 Kf8 39. Qh7 $1 Qxe3+ 40. Kg2 $18) 38. Rxg7+ $1 Kxg7 39. Qxd4+ Qxd4 40. Rxd4 Red6 (40... Rb6 $16) 41. Nc3 f6 42. gxf6+ Kxf6 43. Nge2 Ke5 44. Rg4 Rg8 45. Nd4 Rd7 46. Rg5+ Kf6 47. f4 (47. Rxd5 $6 Rxd5 48. Nxd5+ Kg7 $18) 47... Rgd8 48. Re5 Kf7 49. Rg5 $2 (49. Ne6 $18 Rc8 50. Ke2 (50. Nxd5 c3 $11)) 49... Rh8 (49... Kf6 $11 50. Nc6 Rc8) 50. Nf3 {[%emt 0:00:56] Hoping for Ne5+.} ({Resist} 50. Rxd5 $6 Rxd5 51. Nxd5 g5 $16) (50. Nxd5 Rh5 51. Rxh5 gxh5 $18) 50... Kg7 51. Rg1 ({Much less strong is} 51. Rxd5 Rxd5 52. Nxd5 Rc8 $18) 51... Rb7 (51... Rb8 {was called for.} 52. Ne5 Rd6) 52. Ra1 Rd8 53. Nd4 {[%emt 0:00:47] Black must now prevent Ne6+.} Rdd7 54. Ra5 g5 (54... Kh6 $142 55. Nxd5 (55. Rxd5 Rxd5 56. Nxd5 Rb2+ 57. Kf3 g5 $18) 55... Kg7) 55. f5 {[%emt 0:00:43] White is clearly winning.} Rb2+ (55... Ra7 $142 56. Rc5 (56. Rxd5 Rxd5 57. Nxd5 Ra3 $18) 56... Kh6 57. Nxd5 Ra2+ 58. Kg3 Rd6) 56. Kf3 Rd2 57. Nxd5 {[%emt 0:02:25] Pair of Knights!} c3 58. Ne6+ {[%emt 0:00:40] Weighted Error Value: White=0.12 (very precise) /Black=0.32} 1-0

[Event "GCT Superbet Romania 2022"]
[Site "Bucharest"]
[Date "2022.05.12"]
[Round "7.4"]
[White "Nepomniachtchi, Ian"]
[Black "Mamedyarov, Shakhriyar"]
[Result "0-1"]
[ECO "C54"]
[WhiteElo "2773"]
[BlackElo "2770"]
[Annotator "TA"]
[PlyCount "112"]
[EventDate "2022.05.05"]
[EventType "tourn"]
[EventCountry "ROU"]
[SourceTitle "playchess.com"]
[Source "ChessBase"]
[SourceQuality "1"]
[TimeControl "40/5400+30:1800+30"]

1. e4 e5 2. Nf3 Nc6 3. Bc4 Bc5 4. O-O Nf6 5. d3 O-O 6. c3 d5 7. exd5 Nxd5 8. Re1 Bg4 9. Nbd2 {[%emt 0:00:10][%cal Bb1d2,Bd2e4,Be4g3][%mdl 32] C54: Giuoco Piano: 4 c3 Nf6, main lines with 5 d4 and 5 d3.} (9. h3 $5 Be6 10. Nbd2 $14) 9... Nb6 10. h3 Bh5 11. Bb3 {[%emt 0:00:16] The position is equal. now scores much better than the old 11.Bb5.} Kh8 ({Black should play} 11... Qxd3 $15 12. Bc2 Bxf3 $1 13. Nxf3 Qxd1 14. Rxd1 a5) 12. Ne4 Nd7 {[%emt 0:00:11] [#]} 13. Ng3 $146 ({Predecessor:} 13. Bd5 f5 14. Neg5 h6 15. Ne6 Qf6 16. Nxf8 Rxf8 17. d4 e4 18. dxc5 Nde5 19. Nxe5 Bxd1 {1-0 (43) Firouzja,A (2770)-Sasikiran,K (2640) Riga 2021}) 13... Bxf3 14. Qxf3 f5 15. d4 (15. Nxf5 $2 g6 16. g4 gxf5 $19) (15. Bc2 $11) 15... exd4 $15 16. Bf4 {[%emt 0:01:11] Against Nce5} (16. Nxf5 $2 g6 17. Be6 gxf5 $19) 16... dxc3 $1 17. bxc3 g5 18. Be3 Bxe3 19. fxe3 Nde5 20. Qh5 Qf6 $1 21. Rf1 Qg6 22. Qe2 a6 (22... f4 $1 $15 23. Bc2 Qf7) 23. Bc2 $11 Ne7 24. Rf2 ({Better is} 24. Qf2 $11) 24... Rf7 {[%emt 0:08:50] Black is more active.} (24... g4 $15 25. Raf1 gxh3 26. Nxf5 Qg4 $1 27. Qxg4 (27. Nxe7 $2 Qxe2 28. Rxe2 Rxf1+ 29. Kh2 Re8 $19) 27... Nxg4) 25. Raf1 Raf8 26. Bb3 Rf6 27. Nh5 Rd6 28. g4 Rd3 29. Bc2 Rxc3 (29... Rdd8 {looks sharper.} 30. Bxf5 Qd6 31. Be4 Rxf2 32. Qxf2 c6) 30. Bxf5 (30. Qd2 {is interesting.} Qc6 31. Bxf5 Ng8 32. Be4) 30... Nxf5 31. Rxf5 Rxf5 32. Rxf5 Rc1+ 33. Kf2 Qd6 {[%emt 0:00:55] Prevents Qd2. aiming for ...Nc4.} 34. Qb2 Rc5 35. Kg2 {[%emt 0:03:29] Threatens to win with Qf2.} h6 $2 (35... Rd5 $11 {and Black has nothing to worry.} 36. Qxb7 Rd2+ 37. Kg1 Rd1+ 38. Kg2 (38. Rf1 Rxf1+ 39. Kxf1 Qd3+ 40. Kg1 Qxe3+ 41. Kg2 Qe2+ 42. Kg3 Qxa2 $11) 38... Rd2+ 39. Kg1 Rd1+ 40. Kg2 (40. Rf1 Rxf1+ 41. Kxf1 Qd3+ 42. Kg1 Qxe3+ 43. Kg2 Qd2+ 44. Kf1 Qd8 $11) 40... Rd2+) 36. Rf6 $2 ({Only move:} 36. Qf2 $1 $18 {White wants to mate with Rf8+.} Kg8 37. Nf6+ Kh8 38. Ne8) 36... Qd1 37. Rf2 {[%emt 0:00:48] Prevents Rc2. And now Qd4 would win.} ({Of course not} 37. Rxh6+ Kg8 38. Qb3+ Qxb3 39. axb3 Rb5 $15) 37... Qd5+ 38. Kh2 Qd6 {[%emt 0:00:09] Inhibits Rf8+.} 39. Ng3 {[%emt 0:00:41] Strongly threatening Ne4.} Rb5 40. Qc2 Rd5 $36 {[%emt 0:00:00][%cal Oe5f3][%mdl 2048] Black is pushing.} 41. Kg2 {[%emt 0:15:46] Inhibits Nf3.} (41. Qf5 $11 {and White is okay.}) 41... Nd3 ({Black should try} 41... Rd3 $1 $19 42. Qb2 b5) 42. Qc3+ $15 {[%emt 0:02:38] [#]} Qe5 $1 43. Qa3 {[%emt 0:00:23] [#]} c5 $1 $19 ({Stronger than} 43... Nxf2 44. Qf8+ Kh7 45. Qf7+ Kh8 46. Qf8+ Kh7 47. Qf7+ Kh8 48. Qf8+ $11) 44. Re2 Kh7 45. Qa4 Qe6 46. Qc2 b5 47. Nh5 Rd6 48. Re1 $2 (48. Qb1) 48... Qc4 (48... Qg6 $142 49. Qe2 Nxe1+ 50. Qxe1 Qc2+ 51. Kf3 Rd1) 49. Qb1 Qb4 50. Qxb4 Nxb4 {[%emt 0:00:03][%mdl 4096] Endgame KRN-KRN} ({And not} 50... cxb4 51. Rf1 $17) 51. Rf1 c4 52. e4 (52. Nf6+ $142 Kg6 53. Ne4) 52... c3 53. e5 Rc6 {[%emt 0:00:45] ...c2 is the strong threat.} 54. Rf7+ Kg8 55. Rd7 c2 56. e6 Rxe6 {[%emt 0:00:08] What a bad dream for White.  Weighted Error Value: White=0.79/Black=0.33} 0-1

[Event "GCT Superbet Romania 2022"]
[Site "Bucharest"]
[Date "2022.05.12"]
[Round "7.5"]
[White "Rapport, Richard"]
[Black "Vachier-Lagrave, Maxime"]
[Result "0-1"]
[ECO "D48"]
[WhiteElo "2776"]
[BlackElo "2750"]
[Annotator "TA"]
[PlyCount "56"]
[EventDate "2022.05.05"]
[EventType "tourn"]
[EventCountry "ROU"]
[SourceTitle "playchess.com"]
[Source "ChessBase"]
[SourceQuality "1"]
[TimeControl "40/5400+30:1800+30"]

1. Nf3 d5 2. d4 Nf6 3. c4 dxc4 4. e3 e6 5. Bxc4 a6 6. Bb3 c5 7. Nc3 b5 8. e4 Bb7 9. d5 c4 10. Bc2 Nbd7 11. O-O Qc7 12. dxe6 fxe6 13. Ng5 Nc5 14. e5 Qxe5 15. Re1 Qd6 16. Qxd6 Bxd6 17. Be3 O-O 18. Rad1 Be7 {[%emt 0:08:49][%cal Bd6e7,Be7c5,Bc5b6,Bb6a5][%mdl 32] D48: Semi-Slav: Meran System: 7...b5 8 Bd3 a6.} 19. Bxc5 {[%emt 0:02:53][%mdl 64] [#] Remove Defender} Bxc5 20. Nxe6 {[%emt 0:00:11] Pair of Knights!} Rfc8 {[%emt 0:00:05] The position is equal.} 21. a3 Rab8 22. h3 Bb6 23. g4 Re8 {[%emt 0:06:45] [#]} 24. Kf1 $146 ({Predecessor:} 24. g5 Nh5 25. g6 h6 26. Kf1 Nf6 27. Bf5 Rbc8 28. Rd6 Ba5 29. Red1 {1-0 (37) Auburger,K-Kaspschak,K (1545) GER email 2011}) 24... Re7 25. f4 Rbe8 26. f5 Ba5 27. Re5 Nd7 28. Nd5 $2 {[%emt 0:01:45][%mdl 8192] [#]} Nxe5 {[%emt 0:00:20] Weighted Error Value: White=0.72/Black=0.01 (flawless)} 0-1

[Event "GCT Superbet Romania 2022"]
[Site "Bucharest"]
[Date "2022.05.13"]
[Round "8.1"]
[White "So, Wesley"]
[Black "Firouzja, Alireza"]
[Result "1/2-1/2"]
[ECO "E92"]
[WhiteElo "2766"]
[BlackElo "2804"]
[Annotator "TA"]
[PlyCount "75"]
[EventDate "2022.05.05"]
[EventType "tourn"]
[EventCountry "ROU"]
[SourceTitle "playchess.com"]
[Source "ChessBase"]
[SourceQuality "1"]
[TimeControl "40/5400+30:1800+30"]

1. d4 Nf6 2. c4 g6 3. Nc3 Bg7 4. e4 d6 5. Nf3 O-O 6. Be2 e5 7. dxe5 dxe5 8. Qxd8 Rxd8 9. Bg5 Re8 10. Nd5 Nxd5 11. cxd5 c6 12. Bc4 b5 13. Bb3 a5 {[%emt 0:04:00] And now ...a4 would win.} 14. a4 {[%emt 0:00:14] E92: King's Indian: Classical: 6 Be2 e5: 7 dxe5, 7 Be3 and Petrosian System without 7...Nbd7.} bxa4 15. Bxa4 Bd7 16. dxc6 Bxc6 17. Ke2 Bxa4 18. Rxa4 Nc6 {[%emt 0:07:13] [#]} 19. Rc1 $146 ({Predecessor:} 19. Bd2 Rab8 20. Bc3 Nd4+ 21. Kd3 Nb3 22. Kc2 Rec8 23. Rd1 Nd4+ {½-½ (23) Magalashvili,D (2502)-Goganov,A (2577) Baku 2013}) 19... Nd4+ 20. Kf1 Rab8 21. Rb1 Rb5 22. Nxd4 exd4 23. Bd2 d3 24. Rxa5 Rxb2 25. Rxb2 Bxb2 $11 {[%emt 0:00:04][%mdl 4096] Endgame KRB-KRB} 26. Rd5 (26. f3 $14) 26... Rxe4 {[%emt 0:00:10] The position is equal.} 27. Rxd3 Rd4 28. Ke2 {[%emt 0:00:03] [#] Rb3 is the strong threat.} Rxd3 29. Kxd3 {[%emt 0:00:03] KB-KB} f5 30. f3 Kf7 31. h3 h5 32. g4 fxg4 33. fxg4 hxg4 34. hxg4 Bf6 35. Be3 Be7 36. Bd2 Bf6 37. Be3 Be7 38. Bd2 {[%emt 0:00:02] Weighted Error Value: White=0.04 (flawless) /Black=0.02 (flawless)} 1/2-1/2